TOP OF THE 1ST |
Los Cabos Cartel batting - Pitching for Maui Tropics : RHP Steve Floyd
|
Pitching: RHP Steve Floyd
|
|
Batting: RHB Fernando Martínez
|
0-0: Ball 1-0: Called Strike 1-1: Ball 2-1: Ball 3-1: Foul Ball, location: 2F 3-2: Strikes out swinging
|
Batting: LHB Willie Wallace
|
0-0: Called Strike 0-1: Foul Ball, location: 2F 0-2: Strikes out looking
|
Batting: LHB Miguel Rivería
|
0-0: Fly out, F8 (Flyball, 89D)
|
Top of the 1st over - 0 run(s), 0 hit(s), 0 error(s), 0 left on base; Los Cabos 0 - Maui 0 |
BOTTOM OF THE 1ST |
Maui Tropics batting - Pitching for Los Cabos Cartel : RHP Marty Burgess
|
Pitching: RHP Marty Burgess
|
|
Batting: LHB Mario Olivares
|
0-0: Called Strike 0-1: SINGLE (Line Drive, 4MD)
|
Batting: LHB Luis Antonio Torres
|
0-0: Ball Mario Olivares steals 2nd base 1-0: Ball 2-0: Ball 3-0: Base on Balls
|
Batting: RHB Jesús Espinoza
|
0-0: Called Strike 0-1: Swinging Strike 0-2: 3-RUN HOME RUN (Flyball, 7D), Distance : 377 ft
|
Batting: RHB José Herrera
|
0-0: Swinging Strike 0-1: Swinging Strike 0-2: Ball 1-2: Strikes out looking
|
Batting: RHB Luis Alou
|
0-0: Foul Ball, location: 2F 0-1: Ball 1-1: Ground out 4-3 (Groundball, 4)
|
Batting: LHB Anacleto Morillo
|
0-0: Called Strike 0-1: Ball 1-1: Called Strike 1-2: Ball 2-2: SINGLE (Groundball, 4MD)
|
Batting: RHB Michael Woodruff
|
0-0: Called Strike 0-1: Ball 1-1: Ball 2-1: Foul Ball, location: 2F 2-2: Ball 3-2: Ground out 5-3 (Groundball, 56)
|
Bottom of the 1st over - 3 run(s), 3 hit(s), 0 error(s), 1 left on base; Los Cabos 0 - Maui 3 |
TOP OF THE 2ND |
Los Cabos Cartel batting - Pitching for Maui Tropics : RHP Steve Floyd
|
Batting: RHB Stephen Wilson
|
0-0: Called Strike 0-1: Foul Ball, location: 2F 0-2: Foul Ball, location: 2F 0-2: Foul Ball, location: 2F 0-2: Ball 1-2: Ground out 6-3 (Groundball, 6)
|
Batting: LHB Luis González
|
0-0: Foul Ball, location: 2F 0-1: Ball 1-1: Ball 2-1: Ball 3-1: Base on Balls
|
Batting: RHB Edward Young
|
0-0: Called Strike 0-1: Ball 1-1: Fly out, F7 (Flyball, 78M)
|
Batting: RHB Jesús Hernández
|
0-0: Called Strike 0-1: Swinging Strike 0-2: Ball 1-2: Ground out 5-3 (Groundball, 56S)
|
Top of the 2nd over - 0 run(s), 0 hit(s), 0 error(s), 1 left on base; Los Cabos 0 - Maui 3 |
BOTTOM OF THE 2ND |
Maui Tropics batting - Pitching for Los Cabos Cartel : RHP Marty Burgess
|
Batting: LHB Mike Pearson
|
0-0: Called Strike 0-1: Foul Ball, location: 2F 0-2: Strikes out swinging
|
Batting: SHB Tom Stevens
|
0-0: Called Strike 0-1: Ground out U3 (Groundball, 3)
|
Batting: LHB Mario Olivares
|
0-0: Fly out, F8 (Flyball, 8RD)
|
Bottom of the 2nd over - 0 run(s), 0 hit(s), 0 error(s), 0 left on base; Los Cabos 0 - Maui 3 |
TOP OF THE 3RD |
Los Cabos Cartel batting - Pitching for Maui Tropics : RHP Steve Floyd
|
Batting: RHB Wilbert Rodgers
|
0-0: Ball 1-0: Ball 2-0: Called Strike 2-1: Foul Ball, location: 2F 2-2: Ball 3-2: Ground out 5-3 (Groundball, 5)
|
Batting: RHB Alberto Ramos
|
0-0: Ball 1-0: Ball 2-0: Ball 3-0: Called Strike 3-1: Ground out 5-3 (Groundball, 5L)
|
Batting: RHB Fernando Martínez
|
0-0: Ball 1-0: Foul Ball, location: 2F 1-1: Called Strike 1-2: SINGLE (Line Drive, 78S)
|
Batting: LHB Willie Wallace
|
0-0: SINGLE (Flyball, 89S) Fernando Martínez to second Runner from 2nd tries for 3rd, SAFE, throw made to third Willie Wallace to second
|
Batting: LHB Miguel Rivería
|
0-0: Ball 1-0: Called Strike 1-1: Foul Ball, location: 2F 1-2: Ball 2-2: Ball 3-2: SINGLE (Groundball, 34D) Fernando Martínez scores Willie Wallace to third Willie Wallace scores
|
Batting: RHB Stephen Wilson
|
0-0: Called Strike 0-1: Foul Ball, location: 2F 0-2: Ball 1-2: Ball 2-2: Foul Ball, location: 2F 2-2: SINGLE (Flyball, 7S) Miguel Rivería to second
|
Batting: LHB Luis González
|
0-0: Ball 1-0: Ball Wild Pitch! Miguel Rivería to third Stephen Wilson to second 2-0: Called Strike 2-1: Ball 3-1: Fly out, F8 (Flyball, 8LS)
|
Top of the 3rd over - 2 run(s), 4 hit(s), 0 error(s), 2 left on base; Los Cabos 2 - Maui 3 |
BOTTOM OF THE 3RD |
Maui Tropics batting - Pitching for Los Cabos Cartel : RHP Marty Burgess
|
Batting: LHB Luis Antonio Torres
|
0-0: Ball 1-0: DOUBLE (Flyball, 7LM)
|
Batting: RHB Jesús Espinoza
|
0-0: Ball 1-0: Foul Ball, location: 2F 1-1: Ball 2-1: Called Strike 2-2: Foul Ball, location: 2F 2-2: Ball 3-2: Foul Ball, location: 2F 3-2: Fly out, F9 (Flyball, 9)
|
Batting: RHB José Herrera
|
0-0: Swinging Strike 0-1: Ground out 5-3 (Groundball, 56S) Luis Antonio Torres to third
|
Batting: RHB Luis Alou
|
0-0: Ball 1-0: Called Strike 1-1: Foul Ball, location: 2F 1-2: Ball 2-2: Ball 3-2: Strikes out swinging
|
Bottom of the 3rd over - 0 run(s), 1 hit(s), 0 error(s), 1 left on base; Los Cabos 2 - Maui 3 |
TOP OF THE 4TH |
Los Cabos Cartel batting - Pitching for Maui Tropics : RHP Steve Floyd
|
Batting: RHB Edward Young
|
0-0: Ball 1-0: Called Strike 1-1: Swinging Strike 1-2: Strikes out swinging
|
Batting: RHB Jesús Hernández
|
0-0: Ball 1-0: Ball 2-0: Fly out, F9 (Flyball, 89M)
|
Batting: RHB Wilbert Rodgers
|
0-0: Called Strike 0-1: Foul Ball, location: 2F 0-2: Ball 1-2: Foul Ball, location: 2F 1-2: Foul Ball, location: 2F 1-2: Ball 2-2: Ball 3-2: DOUBLE (Line Drive, 78D)
|
Batting: RHB Alberto Ramos
|
0-0: Ball Wild Pitch! Wilbert Rodgers to third 1-0: Called Strike 1-1: Fly out, F8 (Flyball, 8LS)
|
Top of the 4th over - 0 run(s), 1 hit(s), 0 error(s), 1 left on base; Los Cabos 2 - Maui 3 |
BOTTOM OF THE 4TH |
Maui Tropics batting - Pitching for Los Cabos Cartel : RHP Marty Burgess
|
Batting: LHB Anacleto Morillo
|
0-0: Called Strike 0-1: Fly out, F7 (Flyball, 7LD)
|
Batting: RHB Michael Woodruff
|
0-0: Ground out U3 (Groundball, 3L)
|
Batting: LHB Mike Pearson
|
0-0: Foul Ball, location: 2F 0-1: Swinging Strike 0-2: Foul Ball, location: 2F 0-2: Ball 1-2: Strikes out looking
|
Bottom of the 4th over - 0 run(s), 0 hit(s), 0 error(s), 0 left on base; Los Cabos 2 - Maui 3 |
TOP OF THE 5TH |
Los Cabos Cartel batting - Pitching for Maui Tropics : RHP Steve Floyd
|
Pitching: RHP José García
|
|
Batting: RHB Fernando Martínez
|
0-0: Called Strike 0-1: Ball 1-1: Ball 2-1: Ball 3-1: Swinging Strike 3-2: TRIPLE (Flyball, 78D)
|
Batting: LHB Willie Wallace
|
0-0: Called Strike 0-1: Ball 1-1: Foul Ball, location: 2F 1-2: Ball 2-2: Ball 3-2: Base on Balls
|
Batting: LHB Miguel Rivería
|
0-0: Fly out, F9 (Flyball, 9S)
|
Batting: RHB Stephen Wilson
|
0-0: Ball 1-0: SINGLE (Groundball, 56) Fernando Martínez scores Willie Wallace to second
|
Batting: LHB Luis González
|
0-0: Ball 1-0: Ball 2-0: Ball Willie Wallace steals 3rd base Stephen Wilson to second 3-0: Called Strike 3-1: DOUBLE (Groundball, 3L) Willie Wallace scores Stephen Wilson scores
|
Pitching: RHP Todd Howell
|
|
Batting: RHB Edward Young
|
0-0: Ground out 6-3 (Groundball, 6)
|
Batting: RHB Jesús Hernández
|
0-0: Ball 1-0: Ground out 6-3 (Groundball, 6)
|
Top of the 5th over - 3 run(s), 3 hit(s), 0 error(s), 1 left on base; Los Cabos 5 - Maui 3 |
BOTTOM OF THE 5TH |
Maui Tropics batting - Pitching for Los Cabos Cartel : RHP Marty Burgess
|
Pitching: LHP Raúl Sandoval
|
|
Batting: SHB Tom Stevens
|
0-0: Ball 1-0: Foul Ball, location: 2F 1-1: Called Strike 1-2: Fly out, F8 (Flyball, 8RM)
|
Batting: LHB Mario Olivares
|
0-0: Called Strike 0-1: Called Strike 0-2: Strikes out swinging
|
Batting: LHB Luis Antonio Torres
|
0-0: Foul Ball, location: 2F 0-1: Ball 1-1: Foul Ball, location: 2F 1-2: Strikes out looking
|
Bottom of the 5th over - 0 run(s), 0 hit(s), 0 error(s), 0 left on base; Los Cabos 5 - Maui 3 |
TOP OF THE 6TH |
Los Cabos Cartel batting - Pitching for Maui Tropics : RHP Todd Howell
|
Batting: RHB Wilbert Rodgers
|
0-0: Called Strike 0-1: Ball 1-1: SINGLE (Groundball, 4MD)
|
Batting: RHB Alberto Ramos
|
0-0: Called Strike 0-1: Called Strike 0-2: Ball 1-2: Fly out, F9 (Flyball, 9S)
|
Pinch Hitting: LHB Marc Brown
|
0-0: Ball 1-0: Called Strike 1-1: Ball 2-1: Ball 3-1: Swinging Strike 3-2: Foul Ball, location: 2F 3-2: Base on Balls Wilbert Rodgers to second
|
Pinch Hitting: RHB Yasuhiro Kobayashi
|
0-0: Ball 1-0: Foul Ball, location: 2F 1-1: Swinging Strike 1-2: Strikes out swinging
|
Batting: RHB Danny Crouch
|
0-0: Ground out 5-3 (Groundball, 56S)
|
Top of the 6th over - 0 run(s), 1 hit(s), 0 error(s), 2 left on base; Los Cabos 5 - Maui 3 |
BOTTOM OF THE 6TH |
Maui Tropics batting - Pitching for Los Cabos Cartel : LHP Raúl Sandoval
|
Now in CF: António Magana
|
|
Now in RF: Marc Brown
|
|
Batting: RHB Jesús Espinoza
|
0-0: DOUBLE (Groundball, 3L)
|
Batting: RHB José Herrera
|
0-0: Ball 1-0: Ball 2-0: Ball 3-0: Called Strike 3-1: SINGLE (Groundball, 4MD) Jesús Espinoza to third
|
Batting: RHB Luis Alou
|
0-0: Called Strike 0-1: Swinging Strike 0-2: Ball 1-2: Ball 2-2: Foul Ball, location: 2F 2-2: Foul Ball, location: 2F 2-2: Ball 3-2: Foul Ball, location: 2F 3-2: Base on Balls José Herrera to second
|
Batting: LHB Anacleto Morillo
|
0-0: Swinging Strike 0-1: Swinging Strike 0-2: Ball 1-2: Foul Ball, location: 2F 1-2: Strikes out looking
|
Batting: RHB Michael Woodruff
|
0-0: Called Strike 0-1: Ball 1-1: Fly out, F9 (Flyball, 89D) Runner from 3rd tags up, SCORES, no throw José Herrera to third
|
Batting: LHB Mike Pearson
|
0-0: Ball 1-0: Ball 2-0: Foul Ball, location: 2F 2-1: Ground out U3 (Groundball, 34S)
|
Bottom of the 6th over - 1 run(s), 2 hit(s), 0 error(s), 2 left on base; Los Cabos 5 - Maui 4 |
TOP OF THE 7TH |
Los Cabos Cartel batting - Pitching for Maui Tropics : RHP Todd Howell
|
Pinch Hitting: RHB Max Jones
|
0-0: Ball 1-0: Ball 2-0: Ball 3-0: Base on Balls
|
Pinch Hitting: SHB Rob Grun
|
0-0: Ball 1-0: Swinging Strike 1-1: Ball 2-1: Swinging Strike 2-2: Ball 3-2: Strikes out looking
|
Pinch Hitting: LHB Frank Jackson
|
0-0: Swinging Strike 0-1: Ball 1-1: Called Strike 1-2: Foul Ball, location: 2F 1-2: Strikes out swinging
|
Pitching: RHP Archie Summers
|
|
Batting: RHB Jesús Hernández
|
0-0: Ball 1-0: Ball 2-0: Foul Ball, location: 2F 2-1: SINGLE (Groundball, 6MD) Max Jones to second Runner from 2nd tries for 3rd, SAFE, no throw
|
Batting: RHB Wilbert Rodgers
|
0-0: Ball 1-0: DOUBLE (Line Drive, 9LM) Max Jones scores Jesús Hernández to third
|
Pinch Hitting: RHB Ángel Garza
|
0-0: Called Strike 0-1: Foul Ball, location: 2F 0-2: Ball 1-2: Foul Ball, location: 2F 1-2: Foul Ball, location: 2F 1-2: Ball 2-2: Ball 3-2: SINGLE (Flyball, 9LS) Jesús Hernández scores Wilbert Rodgers to third Wilbert Rodgers scores
|
Pitching: RHP Brandon Mitchell
|
|
Batting: LHB Marc Brown
|
0-0: Called Strike 0-1: Ball 1-1: Ground out U3 (Groundball, 3)
|
Top of the 7th over - 3 run(s), 3 hit(s), 0 error(s), 1 left on base; Los Cabos 8 - Maui 4 |
BOTTOM OF THE 7TH |
Maui Tropics batting - Pitching for Los Cabos Cartel : LHP Raúl Sandoval
|
Now at 1B: John Pick
|
|
Now at 2B: José Hernández
|
|
Now at 3B: Ángel Garza
|
|
Now at SS: Franklin Shaw
|
|
Batting: SHB Tom Stevens
|
0-0: Swinging Strike 0-1: Called Strike 0-2: Fly out, F9 (Flyball, 9S)
|
Pinch Hitting: RHB Richard Bankhead
|
0-0: Foul Ball, location: 2F 0-1: Called Strike 0-2: Fly out, F6 (Popup, 56D)
|
Pinch Hitting: RHB Jeff Packard
|
0-0: Ball 1-0: Foul Ball, location: 2F 1-1: DOUBLE (Line Drive, 9LS)
|
Pinch Hitting: RHB Matt Silver
|
0-0: Called Strike 0-1: Called Strike 0-2: Ball 1-2: SINGLE (Groundball, 56D) Jeff Packard to third Runner from 3rd tries for Home, SAFE, no throw
|
Pitching: RHP José Crus
|
|
Pinch Hitting: RHB Ximena Campos
|
0-0: Called Strike 0-1: Ball Wild Pitch! Matt Silver to second 1-1: Foul Ball, location: 2F 1-2: Foul Ball, location: 2F 1-2: SINGLE (Groundball, 34D) Matt Silver to third Runner from 3rd tries for Home, SAFE, throw made home Ximena Campos to second
|
Pinch Hitting: LHB Dave Cook
|
0-0: Called Strike 0-1: 2-RUN HOME RUN (Flyball, 9LD), Distance : 357 ft
|
Pitching: LHP António Martínez
|
|
Batting: RHB José Rodríguez
|
0-0: Ball 1-0: Ball 2-0: Called Strike 2-1: Ball 3-1: Base on Balls
|
Batting: RHB Michael Woodruff
|
0-0: Called Strike Throwing error on steal attempt, E2 José Rodríguez to third 0-1: Ball 1-1: Ball 2-1: 2-RUN HOME RUN (Line Drive, 7D), Distance : 395 ft
|
Pitching: RHP Jorge Jiménez
|
|
Pinch Hitting: LHB Javier Espinoza
|
0-0: Called Strike 0-1: Called Strike 0-2: Strikes out swinging
|
Bottom of the 7th over - 6 run(s), 5 hit(s), 1 error(s), 0 left on base; Los Cabos 8 - Maui 10 |
BOTTOM OF THE 8TH |
Maui Tropics batting - Pitching for Los Cabos Cartel : RHP Jorge Jiménez
|
Batting: SHB Tom Stevens
|
0-0: Ball 1-0: Called Strike 1-1: Fly out, F8 (Line Drive, 8RM)
|
Batting: RHB Richard Bankhead
|
0-0: Called Strike 0-1: Ball 1-1: Foul Ball, location: 2F 1-2: Ball 2-2: Strikes out looking
|
Batting: RHB Jeff Packard
|
0-0: Ground out 4-3 (Groundball, 4M)
|
Bottom of the 8th over - 0 run(s), 0 hit(s), 0 error(s), 0 left on base; Los Cabos 8 - Maui 10 |
TOP OF THE 9TH |
Los Cabos Cartel batting - Pitching for Maui Tropics : RHP Brandon Mitchell
|
Pitching: LHP Kent Robinson
|
|
Batting: RHB Franklin Shaw
|
0-0: SINGLE (Line Drive, 9S)
|
Pinch Hitting: RHB Pedro Rodríguez
|
0-0: Ball 1-0: Ball 2-0: Called Strike 2-1: Foul Ball, location: 2F 2-2: Grounds into double play, 6-4-3 (Groundball, 6)
|
Batting: RHB Wilbert Rodgers
|
0-0: Called Strike 0-1: Swinging Strike 0-2: Ball 1-2: Ball 2-2: Foul Ball, location: 2F 2-2: Ground out 5-3 (Groundball, 5L)
|
Top of the 9th over - 0 run(s), 1 hit(s), 0 error(s), 0 left on base; Los Cabos 8 - Maui 10 |
|